 Dungeon Crawl Stone Soup version 0.30-a0-830-gfe289a77b0 (webtiles) character file.

Game seed: 17041317753596619002

151 PLAYERX the Shooter (level 5, 0/41 HPs)
             Began as a Gnoll Wanderer on Feb 28, 2023.
             Killed by divine providence
             ... invoked by an orc priest
              (13 damage)
             ... on level 4 of the Dungeon.
             The game lasted 00:09:14 (2006 turns).

PLAYERX the Shooter (Gnoll Wanderer)                Turns: 2006, Time: 00:09:15

Health: 0/41       AC:  7    Str: 17    XL:     5   Next: 33%
Magic:  9/9        EV: 11    Int: 10    God:
Gold:   161        SH:  0    Dex: 15    Spells: 10/10 levels left

rFire   . . .      SeeInvis .    a - +0 trident
rCold   . . .      Faith    .    (no shield)
rNeg    . . .      Spirit   .    d - +0 ring mail
rPois   .          Reflect  .    q - +0 helmet
rElec   .          Harm     .    (no cloak)
rCorr   .          Rampage  .    (no gloves)
Will    +....                    s - +0 pair of boots
Stlth   ++                       (no amulet)
HPRegen 0.26/turn                n - ring of willpower
MPRegen 0.11/turn                o - +6 ring of strength

@: no status effects
A: fangs 1, strong nose, distributed training
a: no special abilities


You were on level 4 of the Dungeon.
You visited 1 branch of the dungeon, and saw 4 of its levels.

You collected 161 gold pieces.

Inventory:

Hand Weapons
 a - a +0 trident (weapon)
 b - a +2 sling
Missiles
 l - a throwing net (quivered)
Armour
 d - a +0 ring mail (worn)
 q - a +0 helmet (worn)
 s - a +0 pair of boots (worn)
Jewellery
 n - a ring of willpower (left hand)
 o - a +6 ring of strength (right hand)
 p - a ring of see invisible
Scrolls
 c - a scroll of blinking
 g - 4 scrolls of teleportation {unknown}
 j - a scroll of enchant weapon {unknown}
 k - a scroll of magic mapping {unknown}
 m - 2 scrolls of identify
 t - 3 scrolls of silence {unknown}
 u - a scroll of noise {unknown}
Potions
 e - 2 potions of brilliance {unknown}
 f - a potion of lignification
 h - a potion of curing {unknown}
 i - 2 potions of mutation {unknown}
 r - a potion of degeneration {unknown}


   Skills:
 + Level 3.0 Fighting
 + Level 1.5 Short Blades
 + Level 1.5 Long Blades
 + Level 1.5 Axes
 + Level 1.5 Maces & Flails
 + Level 1.5 Polearms
 + Level 1.5 Staves
 + Level 6.7 Ranged Weapons
 + Level 1.5 Throwing
 + Level 1.5 Armour
 + Level 1.5 Dodging
 + Level 4.4 Stealth
 + Level 1.5 Shields
 + Level 1.5 Unarmed Combat
 + Level 3.2 Spellcasting
 + Level 1.2 Conjurations
 + Level 1.2 Hexes
 + Level 1.2 Summonings
 + Level 1.2 Necromancy
 + Level 1.2 Translocations
 + Level 4.0 Transmutations
 + Level 1.2 Fire Magic
 + Level 1.2 Ice Magic
 + Level 1.2 Air Magic
 + Level 1.2 Earth Magic
 + Level 1.2 Poison Magic
 + Level 1.7 Invocations
 + Level 3.0 Evocations


You had 10 spell levels left.
You didn't know any spells.
Your spell library contained the following spells:

 Spells                   Type           Power      Damage    Failure   Level
 Wereblood                Tmut           9%         N/A       14%         2
 Passwall                 Tmut/Erth      5%         N/A       26%         2
 Ignite Poison            Fire/Tmut/Pois 5%         N/A       52%         3
 Gell's Gravitas          Tloc           4%         N/A       65%         3
 Stone Arrow              Conj/Erth      8%         3d7       65%         3
 Teleport Other           Tloc           4%         N/A       65%         3
 Animate Armour           Summ/Erth      8%         N/A       96%         4
 Sticky Flame             Conj/Fire      4%         2d3       96%         4
 Dispersal                Tloc           2%         N/A       100%        6
 Ignition                 Fire           2%         3d3       100%        8
 Lehudib's Crystal Spear  Conj/Erth      2%         10d2      100%        8


Dungeon Overview and Level Annotations

Branches:
Dungeon (4/15)
 Temple: D:4-7

Altars:


Innate Abilities, Weirdness & Mutations

You have very sharp teeth.
Your uncanny sense of smell can sniff out nearby items.
Your experience applies equally to all skills.


Message History

The orc wizard gestures at you while chanting.
The magic dart hits you.
You closely miss the hobgoblin. The hobgoblin barely misses you.
The orc wizard mumbles some strange words.
The orc wizard flickers and vanishes!
Deactivating autopickup; reactivate with Ctrl-A.
The orc priest mumbles some strange prayers to Beogh against you.
Something writhes in agony.
You barely miss the hobgoblin. The hobgoblin barely misses you.
The hobgoblin hits you.
You barely miss the hobgoblin.
You bite the hobgoblin, but do no damage.
The orc priest looks braver for a moment.
The orc hits you with a +0 dagger.
The hobgoblin hits you but does no damage.
You puncture the hobgoblin!
You kill the hobgoblin!
Something hits you but does no damage. The orc hits you with a +0 dagger.
You barely miss the orc. Something hits you but does no damage.
The orc barely misses you.
You puncture the orc!
You kill the orc!
You hear some strange, mumbled words.
Something tries to affect you, but you resist.
The orc priest invokes the aid of Beogh against you.
Beogh smites you!
You reach to attack!
You closely miss the orc priest. Something barely misses you.
You hear some strange, mumbled words.
A magic dart appears from out of thin air!
The magic dart hits you.
The orc priest hits you with a +0 short sword.
You are too injured to fight recklessly!
You miss something. Something hits you but does no damage.
The orc priest hits you with a +0 short sword.
You miss something. Your punch misses something. Your bite misses something.
Something hits you.
The orc priest invokes the aid of Beogh against you.
Beogh smites you!
You die...

#............<..#
...##...............##
....##...?...........##
.....................#
#...#..........<...## .
#..#....>.........##
...###...?.............#
......o{.......(.......#
......†@...............#
......)....!....##...#..
............##......##.#
...............###.#...#
............#.## ###...#
##........###... ......
#.....##..# #...).......
#..... #.## ##........
.(# .. ........


You could see an orc priest.

Vanquished Creatures
  A phantom (D:3)
  2 adders
  2 dart slugs
  4 orcs
  3 ball pythons
  6 endoplasms
  4 giant cockroaches
  5 hobgoblins
  2 quokkas
  4 bats (D:1)
  5 frilled lizards
  4 goblins
  5 kobolds
  2 rats (D:2)
49 creatures vanquished.

Vanquished Creatures (others)
  A plant (D:3)
1 creature vanquished.

Grand Total: 50 creatures vanquished

Notes
Turn   | Place    | Note
-------+----------+-------------------------------------------
     0 | D:1      | PLAYERX the Gnoll Wanderer began the quest for the Orb.
     0 | D:1      | PLAYERX set off with the following items: a +2 sling, a +0
                  | helmet, a scroll of blinking, a +0 leather armour; and the
                  | following spells available to memorise: Wereblood,
                  | Passwall.
     0 | D:1      | Reached XP level 1. HP: 17/17 MP: 4/4
   132 | D:1      | Reached XP level 2. HP: 23/23 MP: 5/5
   456 | D:1      | Reached XP level 3. HP: 8/28 MP: 7/7
   687 | D:2      | Reached skill level 1 in Invocations
  1010 | D:2      | You fall into a shaft and drop 2 floors!
  1015 | D:4      | Reached skill level 1 in Short Blades
  1015 | D:4      | Reached skill level 1 in Long Blades
  1015 | D:4      | Reached skill level 1 in Axes
  1015 | D:4      | Reached skill level 1 in Maces & Flails
  1015 | D:4      | Reached skill level 1 in Polearms
  1015 | D:4      | Reached skill level 1 in Staves
  1015 | D:4      | Reached skill level 1 in Throwing
  1015 | D:4      | Reached skill level 1 in Armour
  1015 | D:4      | Reached skill level 1 in Dodging
  1015 | D:4      | Reached skill level 1 in Shields
  1015 | D:4      | Reached skill level 1 in Unarmed Combat
  1015 | D:4      | Noticed an ogre
  1029 | D:3      | Noticed a phantom
  1052 | D:3      | Killed a phantom
  1053 | D:3      | Reached skill level 1 in Conjurations
  1053 | D:3      | Reached skill level 1 in Hexes
  1053 | D:3      | Reached skill level 1 in Summonings
  1053 | D:3      | Reached skill level 1 in Necromancy
  1053 | D:3      | Reached skill level 1 in Translocations
  1053 | D:3      | Reached skill level 1 in Fire Magic
  1053 | D:3      | Reached skill level 1 in Ice Magic
  1053 | D:3      | Reached skill level 1 in Air Magic
  1053 | D:3      | Reached skill level 1 in Earth Magic
  1053 | D:3      | Reached skill level 1 in Poison Magic
  1053 | D:3      | Reached XP level 4. HP: 21/34 MP: 8/8
  1053 | D:3      | Reached XP level 5. HP: 25/40 MP: 9/9
  2006 | D:4      | Killed from afar by an orc priest

Illustrated notes

Levels and vault maps discovered:
D:1:      lemuel_arrival_river_ford, layout_rooms
D:2:      layout_rooms
D:3:      layout_rooms, serial_bayou_ford_a, grunt_decor_resistance
D:4:      layout_cave_pools

Skill      XL: |  1  2  3  4  5 |
---------------+----------------+-----
Invocations    | 1 |  1.7
Short Blades   | 1 |  1.5
Long Blades    | 1 |  1.5
Axes           | 1 |  1.5
Maces & Flails | 1 |  1.5
Polearms       | 1 |  1.5
Staves         | 1 |  1.5
Throwing       | 1 |  1.5
Armour         | 1 |  1.5
Dodging        | 1 |  1.5
Shields        | 1 |  1.5
Unarmed Combat | 1 |  1.5
Spellcasting   | 3 |  3.2
Conjurations   | 1 |  1.2
Hexes          | 1 |  1.2
Summonings     | 1 |  1.2
Necromancy     | 1 |  1.2
Translocations | 1 |  1.2
Fire Magic     | 1 |  1.2
Ice Magic      | 1 |  1.2
Air Magic      | 1 |  1.2
Earth Magic    | 1 |  1.2
Poison Magic   | 1 |  1.2
Fighting       | 3 |  3.0
Evocations     | 3 |  3.0
Transmutations | 4 |  4.0
Ranged Weapons | |  6.7
Stealth        | |  4.4

Action                     |  1- 3 |  4- 6 || total
---------------------------+-------+-------++-------
  Melee: Trident           |       |    37 ||    37
         Bite              |       |     7 ||     7
   Fire: Sling             |    90 |    19 ||   109
    Use: Scroll            |     1 |     1 ||     2
   Stab: Sleeping          |       |     3 ||     3
 Armour: Leather armour    |    14 |       ||    14
         Ring mail         |     9 |    25 ||    34
  Dodge: Dodged            |    32 |    14 ||    46

Table legend: (Time is in decaauts)
 A = Elapsed time spent in this place.
 B = Non-inter-level travel time spent in this place.
 C = Inter-level travel time spent in this place.
 D = Time resting spent in this place.
 E = Time spent auto-exploring this place.
 F = Levels seen in this place.
 G = Mean time per level.
                   A        B        C        D        E       F      G
               +--------+--------+--------+--------+--------+-----+--------+
         Total |   2038 |   2038 |      0 |    199 |    974 |   4 |  509.5 |
       Dungeon |   2038 |   2038 |      0 |    199 |    974 |   4 |  509.5 |
               +--------+--------+--------+--------+--------+-----+--------+

Top non-repeatable levels by time:
     D:3: 731 daAuts
     D:1: 694 daAuts
     D:2: 495 daAuts
     D:4: 118 daAuts
